2906 views
Uploaded 2020-03-07 17:57:59
Game version 1.32.2
13:07 long 3on3 ladder game on (6)ThunderLake_LV
Saved by BEARAND
2906 views
Uploaded 2020-03-07 17:57:59
Game version 1.32.2
13:07 long 3on3 ladder game on (6)ThunderLake_LV


57 units @ 4.4k
/ 0k
130 buildings @ 7.2k
/ 3.6k



| Scroll of Regeneration | 4 | 400 |
| Mechanical Critter | 2 | 100 |
| Staff of Sanctuary | 1 | 250 |
| Boots of Speed | 1 | 250 |
| Staff of Teleportation | 1 | 150 |
| total: | 9 | 1150g |
| Peasant | 15 | 1125 | / | 0 |
| total: | 15 | 1125g | / | 0w |
| Scout Tower | 32 | 960 | / | 640 |
| Arcane Tower | 3 | 210 | / | 150 |
| Guard Tower | 15 | 1050 | / | 750 |
| Altar of Kings | 1 | 180 | / | 50 |
| Lumber Mill | 1 | 120 | / | 0 |
| Farm | 4 | 320 | / | 80 |
| Arcane Vault | 2 | 260 | / | 60 |
| Town Hall | 1 | 385 | / | 205 |
| Keep | 1 | 320 | / | 210 |
| Castle | 1 | 360 | / | 210 |
| total: | 41 | 2225g | / | 1035w |
| 0:01 | Peasant |
| 0:33 | Peasant |
| 0:45 | Peasant |
| 0:50 | Altar of Kings |
| 0:57 | Peasant |
| 1:05 | Lumber Mill |
| 1:06 | Peasant |
| 1:19 | Farm |
| 1:20 | Peasant |
| 1:31 | Peasant |
| 1:45 | Peasant |
| 1:49 | Farm |
| 1:51 | Scout Tower |
| 1:52 | Peasant |
| 1:59 | Peasant |
| 2:07 | Scout Tower |
| 2:13 | Scout Tower |
| 2:19 | Arcane Tower |
| 2:20 | Peasant |
| 2:36 | Arcane Vault |
| 2:39 | Peasant |
| 2:44 | Guard Tower |
| 2:45 | Scout Tower |
| 2:46 | Scout Tower |
| 2:46 | Scout Tower |
| 2:56 | Storm Bolt |
| 3:10 | Arcane Tower |
| 3:13 | Peasant |
| 3:23 | Guard Tower |
| 3:31 | Scout Tower |
| 3:32 | Scout Tower |
| 3:34 | Peasant |
| 4:17 | Keep |
| 4:31 | Farm |
| 4:34 | Scout Tower |
| 4:35 | Scout Tower |
| 4:38 | Guard Tower |
| 4:42 | Boots of Speed |
| 4:42 | Staff of Teleportation |
| 5:10 | Guard Tower |
| 5:33 | Guard Tower |
| 5:35 | Scout Tower |
| 5:36 | Scout Tower |
| 5:51 | Bash |
| 6:07 | Scroll of Regeneration |
| 6:21 | Scroll of Regeneration |
| 6:37 | Guard Tower |
| 6:38 | Scout Tower |
| 6:39 | Scout Tower |
| 7:02 | Improved Masonry |
| 7:02 | Improved Lumber Harvesting |
| 7:09 | Scout Tower |
| 7:10 | Scout Tower |
| 7:37 | Guard Tower |
| 7:54 | Scroll of Regeneration |
| 8:01 | Castle |
| 8:11 | Holy Light |
| 8:13 | Guard Tower |
| 9:28 | Guard Tower |
| 9:34 | Scout Tower |
| 9:35 | Scout Tower |
| 9:35 | Scout Tower |
| 9:36 | Scout Tower |
| 9:40 | Farm |
| 9:45 | Scroll of Regeneration |
| 9:57 | Mechanical Critter |
| 9:57 | Mechanical Critter |
| 10:07 | Guard Tower |
| 10:22 | Peasant |
| 10:44 | Town Hall |
| 10:47 | Scout Tower |
| 10:48 | Scout Tower |
| 10:49 | Scout Tower |
| 10:49 | Scout Tower |
| 10:50 | Scout Tower |
| 10:52 | Scout Tower |
| 11:29 | Guard Tower |
| 11:30 | Scout Tower |
| 11:31 | Scout Tower |
| 11:33 | Advanced Masonry |
| 11:43 | Arcane Tower |
| 11:44 | Guard Tower |
| 11:46 | Guard Tower |
| 11:47 | Guard Tower |
| 11:48 | Storm Bolt |
| 12:00 | Flame Strike |
| 12:39 | Guard Tower |
| 12:48 | Divine Shield |
| 12:54 | Scout Tower |
| 12:55 | Scout Tower |
| 12:55 | Scout Tower |
| 13:03 | Staff of Sanctuary |
| 13:08 | Arcane Vault |
| 13:27 | Scout Tower |
| Right click | 603 |
| Chat | 421 |
| Assign group | 412 |
| Select group | 343 |
| Select | 200 |
| Build/train/purchase | 103 |
| Use ability | 23 |
| Misc. action | 11 |
| Resource trade | 6 |
| Item give/drop | 2 |


| Scroll of Regeneration | 3 | 300 |
| Lesser Clarity Potion | 3 | 210 |
| Potion of Healing | 3 | 450 |
| Staff of Teleportation | 2 | 300 |
| Boots of Speed | 3 | 750 |
| total: | 14 | 2010g |
| Peasant | 15 | 1125 | / | 0 |
| Priest | 1 | 135 | / | 10 |
| total: | 16 | 1260g | / | 10w |
| Scout Tower | 27 | 810 | / | 540 |
| Arcane Tower | 3 | 210 | / | 150 |
| Guard Tower | 31 | 2170 | / | 1550 |
| Altar of Kings | 1 | 180 | / | 50 |
| Farm | 4 | 320 | / | 80 |
| Lumber Mill | 1 | 120 | / | 0 |
| Arcane Vault | 1 | 130 | / | 30 |
| Town Hall | 1 | 385 | / | 205 |
| Arcane Sanctum | 2 | 300 | / | 280 |
| Keep | 2 | 640 | / | 420 |
| Castle | 2 | 720 | / | 420 |
| total: | 37 | 2245g | / | 1185w |
| 0:46 | Altar of Kings |
| 0:47 | Peasant |
| 0:47 | Peasant |
| 1:03 | Farm |
| 1:15 | Peasant |
| 1:15 | Peasant |
| 1:20 | Peasant |
| 1:33 | Lumber Mill |
| 1:36 | Peasant |
| 1:42 | Scout Tower |
| 1:50 | Peasant |
| 1:52 | Peasant |
| 2:03 | Farm |
| 2:06 | Scout Tower |
| 2:13 | Scout Tower |
| 2:14 | Arcane Tower |
| 2:16 | Peasant |
| 2:40 | Peasant |
| 2:43 | Scout Tower |
| 2:44 | Guard Tower |
| 2:52 | Blizzard |
| 3:10 | Scout Tower |
| 3:10 | Guard Tower |
| 3:11 | Peasant |
| 3:11 | Peasant |
| 3:11 | Peasant |
| 3:11 | Peasant |
| 3:20 | Scout Tower |
| 3:21 | Peasant |
| 3:57 | Guard Tower |
| 4:04 | Arcane Vault |
| 4:05 | Guard Tower |
| 4:06 | Scout Tower |
| 4:25 | Keep |
| 4:38 | Scout Tower |
| 4:39 | Scout Tower |
| 4:43 | Farm |
| 4:49 | Staff of Teleportation |
| 4:49 | Boots of Speed |
| 4:54 | Boots of Speed |
| 5:06 | Guard Tower |
| 5:09 | Guard Tower |
| 5:33 | Guard Tower |
| 5:34 | Scout Tower |
| 5:35 | Scout Tower |
| 5:42 | Brilliance Aura |
| 6:09 | Guard Tower |
| 6:13 | Farm |
| 6:23 | Scroll of Regeneration |
| 6:25 | Lesser Clarity Potion |
| 6:56 | Guard Tower |
| 7:16 | Scout Tower |
| 7:17 | Scout Tower |
| 7:27 | Improved Masonry |
| 7:31 | Arcane Sanctum |
| 7:48 | Storm Bolt |
| 8:04 | Lesser Clarity Potion |
| 8:09 | Guard Tower |
| 8:33 | Arcane Sanctum |
| 8:39 | Potion of Healing |
| 8:42 | Advanced Masonry |
| 9:19 | Scroll of Regeneration |
| 9:19 | Potion of Healing |
| 9:22 | Lesser Clarity Potion |
| 9:23 | Castle |
| 9:56 | Priest |
| 9:56 | Magic Sentry |
| 10:11 | Town Hall |
| 10:25 | Scout Tower |
| 10:26 | Scout Tower |
| 10:26 | Scout Tower |
| 10:27 | Scout Tower |
| 10:27 | Scout Tower |
| 10:27 | Scout Tower |
| 10:28 | Scout Tower |
| 10:28 | Scout Tower |
| 10:28 | Scout Tower |
| 10:29 | Scout Tower |
| 10:29 | Scout Tower |
| 10:29 | Scout Tower |
| 10:30 | Scout Tower |
| 10:30 | Scout Tower |
| 10:35 | Blizzard |
| 10:54 | Arcane Tower |
| 10:54 | Guard Tower |
| 10:55 | Guard Tower |
| 11:14 | Guard Tower |
| 11:26 | Guard Tower |
| 11:32 | Guard Tower |
| 11:32 | Guard Tower |
| 11:55 | Bash |
| 12:01 | Staff of Teleportation |
| 12:21 | Boots of Speed |
| 12:54 | Scroll of Regeneration |
| 13:06 | Potion of Healing |
| 13:36 | Guard Tower |
| 13:37 | Guard Tower |
| 13:37 | Guard Tower |
| Right click | 1075 |
| Chat | 618 |
| Select | 284 |
| Select group | 231 |
| Build/train/purchase | 136 |
| Use ability | 28 |
| Assign group | 10 |
| Misc. action | 8 |
| Item give/drop | 6 |
| Minimap ping | 2 |
| Remove unit | 1 |
⇛
TIMG4STRok
(13:38) : 

| Scroll of Regeneration | 1 | 100 |
| Boots of Speed | 1 | 250 |
| Periapt of Vitality | 1 | 325 |
| Staff of Teleportation | 1 | 150 |
| total: | 4 | 825g |
| Peasant | 25 | 1875 | / | 0 |
| Priest | 1 | 135 | / | 10 |
| total: | 26 | 2010g | / | 10w |
| Scout Tower | 42 | 1260 | / | 840 |
| Arcane Tower | 4 | 280 | / | 200 |
| Guard Tower | 23 | 1610 | / | 1150 |
| Altar of Kings | 1 | 180 | / | 50 |
| Farm | 3 | 240 | / | 60 |
| Lumber Mill | 1 | 120 | / | 0 |
| Town Hall | 1 | 385 | / | 205 |
| Arcane Vault | 3 | 390 | / | 90 |
| Arcane Sanctum | 1 | 150 | / | 140 |
| Keep | 1 | 320 | / | 210 |
| Castle | 1 | 360 | / | 210 |
| total: | 52 | 2725g | / | 1385w |
| 0:47 | Peasant |
| 0:47 | Peasant |
| 0:50 | Peasant |
| 0:51 | Altar of Kings |
| 1:01 | Farm |
| 1:09 | Peasant |
| 1:09 | Peasant |
| 1:24 | Lumber Mill |
| 1:32 | Peasant |
| 1:40 | Scout Tower |
| 1:51 | Farm |
| 1:57 | Peasant |
| 2:07 | Scout Tower |
| 2:08 | Arcane Tower |
| 2:27 | Peasant |
| 2:34 | Guard Tower |
| 2:38 | Peasant |
| 2:45 | Peasant |
| 2:50 | Scout Tower |
| 2:53 | Blizzard |
| 2:57 | Peasant |
| 2:57 | Peasant |
| 3:14 | Peasant |
| 3:26 | Guard Tower |
| 3:28 | Peasant |
| 3:36 | Peasant |
| 3:49 | Peasant |
| 4:18 | Brilliance Aura |
| 4:30 | Town Hall |
| 4:33 | Scout Tower |
| 4:34 | Scout Tower |
| 4:34 | Scout Tower |
| 4:35 | Scout Tower |
| 4:40 | Scout Tower |
| 4:41 | Scout Tower |
| 5:04 | Guard Tower |
| 5:23 | Arcane Tower |
| 5:35 | Boots of Speed |
| 5:46 | Peasant |
| 5:46 | Peasant |
| 6:16 | Scout Tower |
| 6:16 | Scout Tower |
| 6:17 | Scout Tower |
| 6:17 | Scout Tower |
| 6:19 | Guard Tower |
| 6:21 | Scout Tower |
| 6:22 | Scout Tower |
| 6:56 | Peasant |
| 6:56 | Peasant |
| 6:58 | Guard Tower |
| 6:58 | Guard Tower |
| 7:01 | Guard Tower |
| 7:04 | Scout Tower |
| 7:05 | Scout Tower |
| 7:09 | Peasant |
| 7:09 | Peasant |
| 7:13 | Periapt of Vitality |
| 7:13 | Staff of Teleportation |
| 7:19 | Peasant |
| 7:31 | Arcane Tower |
| 7:32 | Guard Tower |
| 7:33 | Scout Tower |
| 7:34 | Scout Tower |
| 7:44 | Guard Tower |
| 8:16 | Keep |
| 8:21 | Scout Tower |
| 8:23 | Scout Tower |
| 8:33 | Guard Tower |
| 8:36 | Scout Tower |
| 8:37 | Scout Tower |
| 9:02 | Guard Tower |
| 9:05 | Improved Masonry |
| 9:07 | Farm |
| 9:10 | Arcane Vault |
| 9:10 | Arcane Vault |
| 9:13 | Arcane Vault |
| 9:17 | Scout Tower |
| 9:19 | Scout Tower |
| 9:19 | Scout Tower |
| 9:20 | Scout Tower |
| 9:35 | Guard Tower |
| 9:36 | Scout Tower |
| 9:37 | Scout Tower |
| 9:51 | Guard Tower |
| 10:13 | Blizzard |
| 10:26 | Guard Tower |
| 10:28 | Scout Tower |
| 10:29 | Scout Tower |
| 10:29 | Scout Tower |
| 10:30 | Scout Tower |
| 11:04 | Arcane Sanctum |
| 11:07 | Castle |
| 11:19 | Scout Tower |
| 11:20 | Scout Tower |
| 11:22 | Arcane Tower |
| 11:34 | Guard Tower |
| 11:36 | Peasant |
| 11:36 | Peasant |
| 11:46 | Guard Tower |
| 11:48 | Guard Tower |
| 12:02 | Storm Bolt |
| 12:16 | Scroll of Regeneration |
| 12:40 | Guard Tower |
| 12:45 | Scout Tower |
| 12:47 | Scout Tower |
| 12:48 | Scout Tower |
| 12:50 | Guard Tower |
| 12:52 | Scout Tower |
| 12:53 | Scout Tower |
| 12:54 | Scout Tower |
| 12:54 | Scout Tower |
| 12:57 | Magic Sentry |
| 12:58 | Priest |
| 12:58 | Priest Adept Training |
| 13:00 | Advanced Masonry |
| 13:00 | Improved Lumber Harvesting |
| 13:26 | Guard Tower |
| 13:31 | Guard Tower |
| Right click | 471 |
| Chat | 305 |
| Select group | 297 |
| Select | 148 |
| Build/train/purchase | 81 |
| Use ability | 18 |
| Misc. action | 16 |
| Assign group | 9 |
| Resource trade | 9 |
| Minimap ping | 6 |
| Esc | 2 |
| Item give/drop | 1 |
80 units @ 10.6k
/ 0.9k
48 buildings @ 5.2k
/ 2k


| Lesser Clarity Potion | 2 | 140 |
| Potion of Healing | 1 | 150 |
| Scroll of Town Portal | 1 | 350 |
| total: | 4 | 640g |
| Peasant | 14 | 1050 | / | 0 |
| Footman | 15 | 2025 | / | 0 |
| Mortar Team | 1 | 180 | / | 70 |
| Razormane Medicine Man | 1 | 350 | / | 60 |
| total: | 31 | 3605g | / | 130w |
| Scout Tower | 6 | 180 | / | 120 |
| Arcane Tower | 1 | 70 | / | 50 |
| Guard Tower | 4 | 280 | / | 200 |
| Altar of Kings | 1 | 180 | / | 50 |
| Farm | 7 | 560 | / | 140 |
| Barracks | 1 | 160 | / | 60 |
| Lumber Mill | 1 | 120 | / | 0 |
| Town Hall | 1 | 385 | / | 205 |
| Blacksmith | 1 | 140 | / | 60 |
| Workshop | 3 | 420 | / | 420 |
| Keep | 1 | 320 | / | 210 |
| Castle | 1 | 360 | / | 210 |
| total: | 21 | 2145g | / | 1055w |
| 0:02 | Peasant |
| 0:02 | Peasant |
| 0:37 | Altar of Kings |
| 0:46 | Farm |
| 0:50 | Barracks |
| 0:59 | Peasant |
| 1:12 | Peasant |
| 1:25 | Farm |
| 1:35 | Peasant |
| 1:45 | Peasant |
| 1:57 | Footman |
| 2:08 | Peasant |
| 2:18 | Footman |
| 2:26 | Peasant |
| 2:33 | Farm |
| 2:39 | Summon Water Elemental |
| 2:58 | Peasant |
| 2:59 | Peasant |
| 3:09 | Peasant |
| 3:11 | Farm |
| 3:29 | Peasant |
| 3:29 | Footman |
| 3:42 | Farm |
| 4:03 | Peasant |
| 4:10 | Lumber Mill |
| 4:31 | Footman |
| 4:35 | Brilliance Aura |
| 4:44 | Town Hall |
| 4:46 | Scout Tower |
| 4:47 | Scout Tower |
| 4:50 | Peasant |
| 5:15 | Scout Tower |
| 5:18 | Arcane Tower |
| 5:20 | Guard Tower |
| 5:22 | Scout Tower |
| 6:51 | Guard Tower |
| 7:23 | Guard Tower |
| 7:25 | Scout Tower |
| 7:30 | Footman |
| 7:30 | Footman |
| 7:50 | Footman |
| 7:51 | Defend |
| 7:59 | Farm |
| 8:21 | Scout Tower |
| 8:23 | Brilliance Aura |
| 8:41 | Footman |
| 8:43 | Footman |
| 8:49 | Keep |
| 8:50 | Guard Tower |
| 9:27 | Footman |
| 9:30 | Blacksmith |
| 9:41 | Farm |
| 9:50 | Footman |
| 9:50 | Footman |
| 10:02 | Footman |
| 10:16 | Scroll of Town Portal |
| 10:17 | Lesser Clarity Potion |
| 10:20 | Lesser Clarity Potion |
| 10:23 | Potion of Healing |
| 11:04 | Black Gunpowder |
| 11:04 | Studded Leather Armor |
| 11:11 | Workshop |
| 11:12 | Workshop |
| 11:26 | Razormane Medicine Man |
| 11:45 | Castle |
| 12:11 | Storm Bolt |
| 12:45 | Mortar Team |
| 12:47 | Footman |
| 12:47 | Footman |
| 12:59 | Workshop |
| Select group | 707 |
| Right click | 605 |
| Chat | 382 |
| Select | 228 |
| Misc. action | 206 |
| Assign group | 179 |
| Build/train/purchase | 100 |
| Minimap ping | 16 |
| Use ability | 5 |
| Esc | 3 |
| Item give/drop | 1 |

| Wisp | 10 | 600 | / | 0 |
| Archer | 10 | 1300 | / | 100 |
| Huntress | 10 | 1950 | / | 200 |
| Glaive Thrower | 2 | 420 | / | 130 |
| total: | 32 | 4270g | / | 430w |
| Altar of Elders | 1 | 180 | / | 50 |
| Moon Well | 5 | 900 | / | 200 |
| Ancient of War | 2 | 300 | / | 120 |
| Hunter's Hall | 1 | 210 | / | 100 |
| Ancient of Wonders | 1 | 90 | / | 30 |
| Tree of Ages | 1 | 320 | / | 180 |
| total: | 10 | 1680g | / | 500w |
| 0:29 | Wisp |
| 0:29 | Wisp |
| 0:29 | Wisp |
| 0:47 | Altar of Elders |
| 0:53 | Moon Well |
| 0:59 | Wisp |
| 0:59 | Wisp |
| 0:59 | Wisp |
| 1:19 | Ancient of War |
| 1:29 | Wisp |
| 1:41 | Wisp |
| 1:58 | Moon Well |
| 2:18 | Moon Well |
| 2:22 | Wisp |
| 2:30 | Archer |
| 2:47 | Archer |
| 2:58 | Archer |
| 3:00 | Force of Nature |
| 3:15 | Archer |
| 3:36 | Hunter's Hall |
| 3:48 | Archer |
| 4:07 | Archer |
| 4:22 | Ancient of War |
| 4:46 | Moon Well |
| 4:47 | Archer |
| 5:17 | Huntress |
| 5:32 | Strength of the Moon |
| 5:46 | Thorns Aura |
| 5:55 | Archer |
| 5:56 | Archer |
| 6:24 | Huntress |
| 6:24 | Huntress |
| 6:40 | Wisp |
| 6:43 | Moon Armor |
| 7:16 | Huntress |
| 7:17 | Huntress |
| 7:38 | Moon Well |
| 7:41 | Archer |
| 8:14 | Huntress |
| 8:21 | Tree of Ages |
| 8:43 | Glaive Thrower |
| 8:56 | Glaive Thrower |
| 9:54 | Huntress |
| 9:55 | Huntress |
| 10:38 | Huntress |
| 10:39 | Huntress |
| 11:06 | Ancient of Wonders |
| 11:26 | Moon Glaive |
| 11:29 | Improved Bows |
| 11:44 | Improved Strength of the Moon |
| Right click | 331 |
| Select | 254 |
| Build/train/purchase | 44 |
| Use ability | 10 |
| Esc | 2 |
| Remove unit | 1 |
| Minimap ping | 1 |

| Scroll of Regeneration | 1 | 100 |
| total: | 1 | 100g |
| Peasant | 6 | 450 | / | 0 |
| Rifleman | 11 | 2255 | / | 330 |
| total: | 17 | 2705g | / | 330w |
| Scout Tower | 7 | 210 | / | 140 |
| Guard Tower | 1 | 70 | / | 50 |
| Altar of Kings | 1 | 180 | / | 50 |
| Blacksmith | 1 | 140 | / | 60 |
| Farm | 5 | 400 | / | 100 |
| Barracks | 1 | 160 | / | 60 |
| Arcane Vault | 1 | 130 | / | 30 |
| Lumber Mill | 1 | 120 | / | 0 |
| Keep | 1 | 320 | / | 210 |
| total: | 17 | 1340g | / | 440w |
| 0:49 | Altar of Kings |
| 0:51 | Peasant |
| 0:52 | Peasant |
| 0:52 | Peasant |
| 0:59 | Blacksmith |
| 1:17 | Farm |
| 1:37 | Barracks |
| 1:44 | Peasant |
| 2:03 | Farm |
| 2:22 | Peasant |
| 2:22 | Peasant |
| 2:38 | Farm |
| 2:50 | Arcane Vault |
| 2:54 | Summon Water Elemental |
| 3:04 | Black Gunpowder |
| 3:18 | Rifleman |
| 3:43 | Rifleman |
| 3:56 | Farm |
| 4:38 | Lumber Mill |
| 5:09 | Rifleman |
| 5:17 | Rifleman |
| 6:03 | Brilliance Aura |
| 6:33 | Rifleman |
| 6:33 | Rifleman |
| 6:57 | Farm |
| 7:07 | Rifleman |
| 7:35 | Scout Tower |
| 7:36 | Scout Tower |
| 7:37 | Scout Tower |
| 7:43 | Keep |
| 7:48 | Studded Leather Armor |
| 9:25 | Rifleman |
| 9:28 | Guard Tower |
| 9:43 | Rifleman |
| 9:45 | Rifleman |
| 10:02 | Scroll of Regeneration |
| 10:11 | Refined Gunpowder |
| 10:30 | Long Rifles |
| 10:34 | Rifleman |
| 11:41 | Summon Water Elemental |
| 12:59 | Scout Tower |
| 13:00 | Scout Tower |
| 13:00 | Scout Tower |
| 13:00 | Scout Tower |
| Right click | 746 |
| Select group | 203 |
| Select | 179 |
| Build/train/purchase | 101 |
| Misc. action | 71 |
| Assign group | 18 |
| Minimap ping | 3 |
| Use ability | 1 |
| Item give/drop | 1 |